 Dungeon Crawl Stone Soup version 0.32-a0-42-ga30500b4d3 (webtiles) character file.

Game seed: 4344740644616032861

212 anacleto the Changeling (level 5, -4/73 HPs)
             Began as a Troll Shapeshifter on Feb 1, 2024.
             Slain by an iguana (10 damage)
             ... on level 4 of the Dungeon.
             The game lasted 00:04:53 (2600 turns).

anacleto the Changeling (Troll Shapeshifter)        Turns: 2600, Time: 00:04:54

Health: -4/73      AC: 22    Str: 24    XL:     5   Next: 58%
Magic:  4/4        EV:  1    Int:  6    God:
Gold:   201        SH:  0    Dex:  9    Spells: 4/4 levels left

rFire   . .          .
                       - Unarmed
rCold   . . .        (no shield)
rNeg    . . .        a - melded +0 animal skin
rPois   +            (helmet currently unavailable)
rElec   .            (cloak currently unavailable)
rCorr   .            (gloves unavailable)
SInv    .            (boots unavailable)
Will    .....        (no amulet)
Stlth   +            (no ring)
HPRegen 1.12/turn    (no ring)
MPRegen 0.09/turn

%: no passive effects
@: mighty, tree-form
A: stationary, stasis, torment immunity, boosted hp, large, unfitting armour,
(claws 3), regeneration 1, (shaggy fur 1), (tough skin 1)
a: no special abilities


You were on level 4 of the Dungeon.
You were a tree.
You visited 1 branch of the dungeon, and saw 4 of its levels.

You collected 201 gold pieces.

Inventory:

Missiles
 i - 14 poisoned darts (quivered)
 k - 7 boomerangs
Armour
 a - a +0 animal skin (melded)
Jewellery
 e - a +5 ring of evasion
 j - a +6 ring of strength
 o - a +4 ring of protection
 p - an amulet of regeneration
Talismans
 c - a beast talisman
 d - a flux talisman
Scrolls
 f - 2 scrolls of enchant weapon {unknown}
 g - 3 scrolls of teleportation {unknown}
 h - a scroll of identify {unknown}
 l - a scroll of enchant armour {unknown}
 q - 2 scrolls of amnesia {unknown}
 r - a scroll of poison {unknown}
 v - a scroll of noise {unknown}
Potions
 b - a potion of lignification
 m - a potion of enlightenment {unknown}
 n - a potion of might
 s - a potion of brilliance {unknown}
 t - a potion of mutation {unknown}
 u - 2 potions of cancellation {unknown}


   Skills:
 + Level 1.9 Fighting
 + Level 1.6 Throwing
 + Level 2.4 Dodging
 + Level 3.6 Unarmed Combat
 * Level 4.2 Shapeshifting


You had 4 spell levels left.
You didn't know any spells.
Your spell library contained the following spells:

 Spells                   Type           Power      Damage    Failure   Level
 Magic Dart               Conj           0%         1d3       45%         1
 Shock                    Conj/Air       0%         1d3       45%         1
 Blink                    Tloc           0%         N/A       58%         2
 Call Imp                 Summ           0%         N/A       58%         2
 Summon Ice Beast         Ice/Summ       0%         N/A       83%         3
 Swiftness                Air            0%         N/A       83%         3
 Airstrike                Air            0%         2d(0-16)  99%         4
 Passage of Golubria      Tloc           0%         N/A       99%         4
 Iskenderun's Battlesphe  Conj           0%         2d6       100%        5
 Silence                  Hex/Air        0%         N/A       100%        5
 Summon Mana Viper        Hex/Summ       0%         N/A       100%        5
 Bombard                  Conj/Erth      0%         9d1       100%        6
 Monstrous Menagerie      Summ           0%         N/A       100%        7
 Spellforged Servitor     Conj/Summ      0%         N/A       100%        7
 Lehudib's Crystal Spear  Conj/Erth      0%         10d2      100%        8


Dungeon Overview and Level Annotations

Branches:
Dungeon (4/15)
 Temple: D:4-7

Altars:

Shops:
D:1 *   D:2 =

Annotations:
D:3 2 runed translucent doors, hgbash's ghost, amateur OpCj


Innate Abilities, Weirdness & Mutations

You are a tree.
Your roots penetrate the ground, keeping you stationary.
You cannot be teleported.
You are immune to unholy pain and torment.
Your maximum health is greatly increased.
Your equipment is partially melded.
You are too large for most types of armour.
((You have claws for hands.))
Your natural rate of healing is unusually fast.
((You are covered in fur. (AC +1)))
((You have tough skin. (AC +1)))


Message History

You kill the goblin!
A kobold comes into view. It is wielding a +0 dagger.
An orc wizard comes into view. It is wielding a +0 dagger.
The kobold shouts!
The iguana hisses menacingly.
The orc wizard casts a spell at you.
You are confused.
The iguana bites you. The iguana bites you!
An orc priest comes into view. It is wielding a +0 trident.
The orc wizard points at you and mumbles some strange words.
The magic dart hits you!
The orc priest miscasts a cantrip.
You closely miss the iguana.
The orc priest shouts!
The iguana bites you.
The orc wizard mumbles some strange words.
The orc wizard flickers and vanishes!
Deactivating autopickup; reactivate with Ctrl-A.
Found a barding.
The iguana attacks as it pursues you! The iguana closely misses you.
A phantom comes into view.
The orc priest mumbles some strange prayers to Beogh against you.
Beogh smites you!
* * * LOW HITPOINT WARNING * * *
The orc wizard barely misses you.
The orc priest mumbles some strange prayers to Beogh against you.
Beogh smites you!
* * * LOW HITPOINT WARNING * * *
Your transformation has ended.
You turn into a tree.
Your +0 animal skin melds into your body.
Your roots penetrate the ground.
You feel less confused.
The iguana bites you but does no damage.
The orc wizard hits you but does no damage.
It was a potion of might.
You feel very mighty all of a sudden. The kobold hits you but does no damage.
The iguana bites you!
You die...

..5.. .$....#
.#.. .....
....... ....
.....
.......####..#
.....
.............###
.(...
................
.....
..........#...#.
.....
.......).[.....[
.#...
.......l♣o....W.
....
.......oK....#.#
#$.#
###..........#
#.............
....!..........
..#..#.$#..#o...
#..#..#..#..#.##
.#..#..#..#...#


You could see a phantom, an iguana, 2 orc priests, an orc wizard and a kobold.

Vanquished Creatures
  A lemure (D:3)
  A bombardier beetle (D:3)
  An iguana (D:3)
  6 adders
  A gnoll (D:1)
  2 dart slugs
  5 orcs (D:3)
  7 endoplasms
  4 giant cockroaches
  11 goblins
  7 hobgoblins
  3 jackals (D:1)
  3 quokkas
  5 ball pythons
  5 bats
  5 frilled lizards
  5 kobolds
  5 rats
77 creatures vanquished.

Notes
Turn   | Place    | Note
-------+----------+-------------------------------------------
     0 | D:1      | anacleto the Troll Shapeshifter began the quest for the
                  | Orb.
     0 | D:1      | Reached XP level 1. HP: 18/18 MP: 0/0
    70 | D:1      | Found Hompui's Assorted Antiques.
   104 | D:1      | Reached skill level 1 in Fighting
   134 | D:1      | Reached XP level 2. HP: 27/27 MP: 1/1
   331 | D:1      | Reached XP level 3. HP: 33/33 MP: 2/2
   637 | D:2      | Identified the +6 hand axe of Famine {freeze, rF- Will-
                  | Dex+8 Stlth+}
   695 | D:2      | Found Katraza's Jewellery Shop.
  1008 | D:2      | Reached XP level 4. HP: 33/41 MP: 3/3
  1536 | D:3      | Reached skill level 1 in Throwing
  1569 | D:3      | Found a runed translucent door.
  1569 | D:3      | Noticed hgbash's ghost (amateur OpCj)
  1579 | D:3      | Found a faded altar of an unknown god.
  1642 | D:3      | Found a runed translucent door.
  1993 | D:3      | Reached skill level 4 in Shapeshifting
  1993 | D:3      | Reached XP level 5. HP: 49/49 MP: 4/4
  2178 | D:4      | Noticed a lemure
  2178 | D:4      | Noticed a lemure
  2351 | D:4      | Noticed a lemure
  2352 | D:4      | Noticed a lemure
  2573 | D:3      | Killed a lemure
  2598 | D:4      | Noticed a phantom
  2598 | D:4      | HP: 2/49 [orc priest/divine providence (12)]
  2600 | D:4      | Slain by an iguana

Illustrated notes

Levels and vault maps discovered:
D:1:      ncdulo_wetmaze, layout_rooms, serial_shops, shop
D:2:      layout_loops_ring, serial_shops, shop
D:3:      layout_loops_ring, ebering_ghost_sewer_f,
          ebering_ecumenical_altar_petrified, minmay_misc_feat_doors
D:4:      layout_rooms, lemuel_crystal_altar, minmay_gold_behind_fungi,
          minmay_misc_feat_diagonals, uniq_pikel

Skill      XL: |  1  2  3  4 |
---------------+-------------+-----
Fighting       | 1 |  1.9
Dodging        | 2 |  2.4
Throwing       | 1 |  1.6
Shapeshifting  | 4 |  4.2
Unarmed Combat | |  3.6

Action                     |  1- 3 |  4- 6 || total
---------------------------+-------+-------++-------
  Melee: Unarmed           |    76 |    96 ||   172
         Punch             |       |     1 ||     1
    Use: Potion            |       |     2 ||     2
 Armour: Animal skin       |    56 |    78 ||   134
         Skin              |       |     4 ||     4
  Dodge: Dodged            |    37 |    59 ||    96

Table legend: (Time is in decaauts)
 A = Elapsed time spent in this place.
 B = Non-inter-level travel time spent in this place.
 C = Inter-level travel time spent in this place.
 D = Time resting spent in this place.
 E = Time spent auto-exploring this place.
 F = Levels seen in this place.
 G = Mean time per level.
                   A        B        C        D        E       F      G
               +--------+--------+--------+--------+--------+-----+--------+
         Total |   2593 |   2419 |    174 |    206 |   1604 |   4 |  648.2 |
       Dungeon |   2593 |   2419 |    174 |    206 |   1604 |   4 |  648.2 |
               +--------+--------+--------+--------+--------+-----+--------+

Top non-repeatable levels by time:
     D:3: 1176 daAuts
     D:2: 849 daAuts
     D:1: 536 daAuts
     D:4: 31 daAuts
